 Dungeon Crawl Stone Soup version 0.29.1-13-g9f3cf754e1 (webtiles) character file.

Game seed: 3150330589221944318

210 hbarley the Chopper (level 5, -1/47 HPs)
             Began as a Hill Orc Fighter on Feb 3, 2023.
             Splashed by a jelly's acid (7 damage)
             ... on level 4 of the Dungeon.
             The game lasted 00:05:00 (3322 turns).

hbarley the Chopper (Hill Orc Fighter)              Turns: 3322, Time: 00:05:01

Health: -1/47      AC: -8    Str: 19    XL:     5   Next: 88%
Magic:  0/5        EV:  9    Int:  8    God:
Gold:   43         SH:  5    Dex: 12    Spells: 4/4 levels left

rFire   . . .      SeeInvis .   u - +0 hand axe (vamp)
rCold   . . .      Faith    .   c - +0 buckler
rNeg    . . .      Spirit   +   b - +0 scale mail
rPois   .          Reflect  .   (no helmet)
rElec   .          Harm     .   (no cloak)
rCorr   .          Rampage  .   (no gloves)
Will    .....                   (no boots)
Stlth   ..........              p - amulet of guardian spirit
HPRegen 0.15/turn               (no ring)
MPRegen 0.09/turn               (no ring)

@: corroded
A: no striking features
a: no special abilities


You were on level 4 of the Dungeon.
You visited 1 branch of the dungeon, and saw 4 of its levels.

You collected 175 gold pieces.
You spent 132 gold pieces at shops.

Inventory:

Hand Weapons
 a - a +0 war axe
 u - a +0 vampiric hand axe (weapon)
Armour
 b - a +0 scale mail (worn)
 c - a +0 buckler (worn)
Jewellery
 p - an amulet of guardian spirit (around neck)
Wands
 r - a wand of charming (7)
Scrolls
 h - 6 scrolls of identify {unknown}
 j - a scroll of amnesia {unknown}
 l - 3 scrolls of teleportation {unknown}
 s - a scroll of immolation {unknown}
 t - a scroll of fear {unknown}
 v - a scroll of enchant weapon {unknown}
Potions
 d - a potion of might
 e - 2 potions of heal wounds {unknown}
 f - a potion of curing {unknown}
 g - a potion of mutation {unknown}
 i - a potion of flight {unknown}
 k - a potion of berserk rage {unknown}
 m - 3 potions of brilliance {unknown}
 n - a potion of cancellation {unknown}
 o - a potion of haste {unknown}
 q - a potion of degeneration {unknown}


   Skills:
 + Level 4.6 Fighting
 + Level 5.0 Axes
 + Level 4.5 Armour
 + Level 1.0 Dodging
 + Level 3.9 Shields


You had 4 spell levels left.
You didn't know any spells.
Your spell library was empty.

Dungeon Overview and Level Annotations

Branches:
Dungeon (4/15)
 Temple: D:4-7

Altars:
Dithmenos

Shops:
D:3 (


Message History

The goblin shouts!
You block the goblin's attack. x2
You hit the goblin but do no damage. You closely miss the goblin.
The goblin closely misses you. The goblin hits you but does no damage.
You hit the goblin but do no damage. You closely miss the goblin.
The goblin closely misses you. The goblin hits you but does no damage.
You slash the goblin!
You kill the goblin!
You hit the goblin.
You kill the goblin!
Things that are here:
a +0 club; a goblin corpse
m - 3 sedimented grey potions (gained 1)
You now have 43 gold pieces (gained 9).
A jelly comes into view.
The jelly quivers.
A jelly is nearby!
Found a runed mace.
The jelly hits you. The acid corrodes you!
You are splashed with acid.
You hit the jelly. The acid corrodes you!
Your hands burn!
The jelly is moderately wounded.
The jelly hits you.
You are splashed with acid.
You hit the jelly.
You feel better.
Your hands burn!
The jelly is heavily wounded.
The jelly hits you.
You are splashed with acid!
You hit the jelly but do no damage.
Your hands burn!
The jelly is heavily wounded.
The jelly hits you. The acid corrodes you!
You are splashed with acid!
* * * LOW HITPOINT WARNING * * *
You hit the jelly but do no damage.
Your hands burn!
* * * LOW HITPOINT WARNING * * *
The jelly is heavily wounded.
The jelly barely misses you.
You hit the jelly but do no damage. The acid corrodes you!
Your hands burn!
* * * LOW HITPOINT WARNING * * *
The jelly is heavily wounded.
The jelly hits you.
* * * LOW HITPOINT WARNING * * *
You are splashed with acid!
You die...

###.#####.# ....
.......... #...
......... #..# #.#####.#
##..#####>#####.# ..)
#.......##.# .###### #.#
#..........#
.......##?###.......####
......J@............#
.############....).)#
#.......# #.......#
####.#### #.# #.# #.# ..


You could see a jelly.

Vanquished Creatures
  A scorpion (D:3)
  3 gnolls (D:2)
  5 adders
  A white imp (D:3)
  2 worms
  2 orcs (D:3)
  2 endoplasms
  2 giant cockroaches (D:3)
  9 goblins
  A hobgoblin (D:2)
  4 jackals (D:2)
  3 quokkas
  13 ball pythons
  4 bats
  2 frilled lizards
  5 kobolds
  9 rats
68 creatures vanquished.

Notes
Turn   | Place    | Note
-------+----------+-------------------------------------------
     0 | D:1      | hbarley the Hill Orc Fighter began the quest for the Orb.
     0 | D:1      | Reached XP level 1. HP: 19/19 MP: 1/1
   337 | D:1      | Reached XP level 2. HP: 27/27 MP: 2/2
   458 | D:1      | Reached skill level 3 in Axes
   755 | D:2      | Reached XP level 3. HP: 6/33 MP: 3/3
  1169 | D:2      | Reached XP level 4. HP: 41/41 MP: 4/4
  1539 | D:2      | HP: 1/41 [gnoll/+0 spear (5)]
  2112 | D:2      | Reached skill level 4 in Axes
  2260 | D:3      | Found a shadowy altar of Dithmenos.
  2339 | D:3      | Found a faded altar of an unknown god.
  2350 | D:3      | Reached XP level 5. HP: 47/47 MP: 5/5
  2605 | D:3      | Found Qoosilaa's Antique Weapon Shoppe.
  2643 | D:3      | Bought a runed hand axe for 132 gold pieces
  2888 | D:3      | Reached skill level 1 in Dodging
  3049 | D:3      | Reached skill level 5 in Axes
  3322 | D:4      | Splashed by a jelly's acid

Illustrated notes

Levels and vault maps discovered:
D:1:      spicycebolla_green_bress_n_ham, layout_loops_cross, st_stairs_4,
          chequers_serial_rivers_marsh
D:2:      layout_basic
D:3:      layout_basic, nicolae_dithmenos_shadow_blocks, serial_shops,
          nicolae_shop_competitors_out_of_business,
          nicolae_ecumenical_snake_handling
D:4:      layout_loops_ring, cheibrodos_sewer_entry_sluice

Skill      XL: |  1  2  3  4  5 |
---------------+----------------+-----
Axes           | 3 4 5 |  5.0
Fighting       | 4 |  4.6
Armour         | 4 |  4.5
Dodging        | 1 |  1.0
Shields        | |  3.9

Action                   |  1- 3 |  4- 6 || total
-------------------------+-------+-------++-------
Melee: War axe           |    82 |    87 ||   169
       Hand axe          |       |    42 ||    42
Armor: Scale mail        |    41 |    66 ||   107
Dodge: Dodged            |    60 |    52 ||   112
Block: Buckler           |    29 |    37 ||    66
